 Dungeon Crawl Stone Soup version 0.17-a0-1909-g0b14330 (webtiles) character file.

270 Banto the Chucker (level 6, 0/56 HPs)
             Began as an Ogre Hunter on Sept 25, 2015.
             Slain by a mummy (12 damage)
             ... in an ossuary.
             The game lasted 00:04:32 (3159 turns).

Banto the Chucker (Ogre Hunter)                     Turns: 3159, Time: 00:04:32

Health: 0/56       AC:  6    Str: 18    XL:     6   Next: 22%
Magic:  0/5        EV: 10    Int: 10    God:
Gold:   108        SH:  0    Dex: 12    Spells: 0 memorised, 5 levels left

rFire  . . .     SeeInvis .     i - +1 whip
rCold  . . .     Rnd*Rage +     d - +0 robe
rNeg   . . .     SustAt   .     (no shield)
rPois  .         Gourm    .     (helmet restricted)
rElec  .         Spirit   +     k - +0 cloak
rCorr  .         Warding  .     (gloves unavailable)
rMut   .         Rnd*Tele +     (boots unavailable)
MR     .....                    g - amulet of guardian spirit
Stlth  ..........               (no ring)
                                n - ring of loudness (curse)

@: not resistant to hostile enchantments, extremely unstealthy
A: unfitting armour, slimy green scales 1, berserk 1, frail 1, low mp 1,
teleportitis 1, tough skin 1
a: no special abilities


You were in an ossuary.
You were not hungry.

You visited 1 branch of the dungeon, and saw 4 of its levels.
You also visited: Ossuary.

You collected 108 gold pieces.

Inventory:

Hand weapons
 i - a +1 whip (weapon)
 o - a +0 short sword of venom
Missiles
 a - 5 large rocks (quivered)
 b - 2 throwing nets
Armour
 d - a +0 robe (worn)
 k - a +0 cloak (worn)
Jewellery
 g - an amulet of guardian spirit (around neck)
 n - a cursed ring of loudness (left hand)
Scrolls
 j - 2 scrolls of amnesia
 l - a scroll of fog
 m - 3 scrolls of remove curse
Potions
 f - 2 potions of brilliance
 q - a potion of agility
 r - a potion of beneficial mutation {unknown}
 s - a potion of degeneration {unknown}
Books
 t - a book of Beasts

   Spells                             Type                      Level
   a - Summon Butterflies             Summoning                    1
   b - Call Canine Familiar           Summoning                    3
   c - Summon Ice Beast               Ice/Summoning                4
   d - Summon Mana Viper              Hexes/Summoning              5
   e - Summon Hydra                   Summoning                    7
Comestibles
 c - 2 beef jerkies
 e - 4 bread rations
 h - 2 meat rations


   Skills:
 + Level 4.7 Fighting
 * Level 5.1 Maces & Flails
 + Level 5.6 Throwing
 - Level 1.7 Dodging
 - Level 0.7 Stealth


You had 5 spell levels left.
You didn't know any spells.

Dungeon Overview and Level Annotations

Branches:
Dungeon (4/15)
 Temple: D:4-7

Altars:
Kikubaaqudgha
Nemelex Xobeh

Annotations:
D:4 Burgietje's ghost, experienced TrMo


Innate Abilities, Weirdness & Mutations

You are too large for most types of armour.
You have tough skin (AC +1).
You are partially covered in slimy green scales (AC +2).
You tend to lose your temper in combat.
You are frail (-10% HP).
Your magical capacity is low (-10% MP).
You are occasionally teleported to nearby monsters.


Message History

You hit the mummy.
The mummy is lightly damaged.
You hit the mummy.
The mummy is moderately damaged.
The mummy hits you!
You hit the mummy.
The mummy is moderately damaged.
You hit the mummy.
The mummy is moderately damaged.
The mummy hits you!
* * * LOW HITPOINT WARNING * * *
You are too injured to fight recklessly!
You are too injured to fight recklessly!
You are too injured to fight recklessly!
You hit the mummy.
The mummy is heavily damaged.
You barely miss the mummy.
The mummy is heavily damaged.
The mummy hits you!
You die...

##############
#∩............
#....@M.......
#..###'###+##
#..#...#
#..#.### #..#.
#..### #..'.#
#..#.# #..#.#


You could see a mummy.

Vanquished Creatures
  An orc wizard (D:4)
  A hound (D:4)
  An orc priest (D:3)
  Ijyb (D:2)
  A worker ant (D:4)
  A hound skeleton (D:4)
  A mummy (Ossuary)
  2 adders
  A worm (D:2)
  2 giant geckos
  6 orcs (D:3)
  3 ball pythons
  5 bats
  4 giant cockroaches
  8 goblins
  6 hobgoblins
  4 jackals (D:2)
  4 quokkas
  7 giant newts
  11 kobolds
  2 kobold zombies (Ossuary)
  3 quokka zombies (Ossuary)
  11 rats
  2 rat zombies (Ossuary)
88 creatures vanquished.

Notes
Turn   | Place    | Note
--------------------------------------------------------------
     0 | D:1      | Banto the Ogre Hunter began the quest for the Orb.
     0 | D:1      | Reached XP level 1. HP: 22/22 MP: 1/1
   157 | D:1      | Reached XP level 2. HP: 14/31 MP: 2/2
   571 | D:1      | Reached skill level 1 in Maces & Flails
   679 | D:2      | Noticed Ijyb
   729 | D:2      | Gained mutation: You are frail (-10% HP). [potion of mutation]
   729 | D:2      | Gained mutation: You tend to lose your temper in combat. [potion of mutation]
   729 | D:2      | Gained mutation: Your magical capacity is low (-10% MP). [potion of mutation]
   730 | D:2      | Gained mutation: You are occasionally teleported to nearby monsters. [potion of mutation]
   730 | D:2      | Gained mutation: You are partially covered in slimy green scales (AC +2). [potion of mutation]
   730 | D:2      | HP: 1/27 [Ijyb (1)]
   741 | D:2      | Killed Ijyb
   741 | D:2      | Reached XP level 3. HP: 2/35 MP: 2/2
   758 | D:2      | Found an ancient bone altar of Kikubaaqudgha.
   759 | D:2      | Found a sparkling altar of Nemelex Xobeh.
   850 | D:2      | Reached skill level 5 in Throwing
   932 | D:2      | Reached XP level 4. HP: 14/43 MP: 3/3
  1813 | D:3      | Reached XP level 5. HP: 40/48 MP: 4/4
  2219 | D:4      | Noticed Burgietje's ghost (experienced TrMo)
  2390 | D:3      | HP: 1/48 [orc/mace (5)]
  2757 | D:4      | Reached XP level 6. HP: 22/56 MP: 3/5
  2816 | D:4      | Found a sand-covered staircase.
  2833 | Ossuary  | Entered an ossuary
  2933 | Ossuary  | Reached skill level 5 in Maces & Flails
  3159 | Ossuary  | Slain by a mummy

Vault maps used:
D:1:      dpeg_arrival_round_b
D:2:      gammafunk_temple_overflow_statue, uniq_iyjb
D:4:      temple_fountains, nicolae_ossuary_entry_ruins, first_bread,
          led_sif_book
Ossuary:  ossuary_boxes_badplayer

Action                   |  1- 3 |  4- 6 || total
-------------------------+-------+-------++-------
Melee: Short sword       |    26 |   120 ||   146
       Whip              |   109 |   106 ||   215
Throw: Large rock        |     5 |       ||     5
       Throwing net      |     2 |       ||     2
  Use: Potion            |     3 |       ||     3
       Scroll            |     4 |     4 ||     8
 Stab: Sleeping          |       |     2 ||     2
  Eat: Chunk             |       |     8 ||     8
